 Dungeon Crawl Stone Soup version 0.22-a0-110-g5b255cf (webtiles) character file.

175898 galech the Wrestler (level 17, 0/179 HPs)
             Began as a Troll Monk on Jan 26, 2018.
             Was the Champion of Okawaru.
             Slain by a deep elf blademaster
             ... wielding a +0 rapier
              (8 damage)
             ... on level 2 of the Elven Halls on Jan 27, 2018.
             The game lasted 01:21:46 (26032 turns).

galech the Wrestler (Troll Monk)                   Turns: 26032, Time: 01:21:47

Health: 0/179      AC: 17    Str: 28    XL:     17   Next: 49%
Magic:  0/16       EV: 14    Int:  6    God:    Okawaru [******]
Gold:   1955       SH:  0    Dex: 12    Spells: 16/16 levels left

rFire    . . .     SeeInvis .     - Unarmed
rCold    . . .     Gourm    +   (no shield)
rNeg     + . .     Faith    +   X - +3 troll leather armour {Snorg}
rPois    +         Spirit   +   a - +2 hat of the Bear Spirit {Spirit, +Rage rN+ MR++}
rElec    +         Reflect  .   Z - +2 cloak {rPois}
rCorr    .         Harm     .   (gloves unavailable)
MR       +++..                  (boots unavailable)
Stlth    +.........             p - amulet of faith
HPRegen  1.19/turn              n - ring "Rororr" {+Blink rElec rPois}
MPRegen  0.15/turn              E - +3 ring of slaying

@: lethally poisoned (0 -> 0)
A: large, unfitting armour, claws 3, fast metabolism 3, gourmand, regeneration
1, shaggy fur 1, tough skin 2
a: Heroism, Finesse, Renounce Religion, Evoke Blink, Evoke Berserk Rage


You were on level 2 of the Elven Halls.
You worshipped Okawaru.
Okawaru was exalted by your worship.
You were very full.

You visited 5 branches of the dungeon, and saw 27 of its levels.
You also visited: Labyrinth and Volcano.

You collected 2649 gold pieces.
You spent 694 gold pieces at shops.

Inventory:

Armour
 a - the +2 hat of the Bear Spirit (worn) {Spirit, +Rage rN+ MR++}
   (You found it in a labyrinth)

   It protects you from negative energy.
   It affects your resistance to hostile enchantments.
   It lets you go berserk.
 C - +0 acid dragon scales
 F - a +0 shield of cold resistance
 N - the +1 shield "Comeaw" {rN+}
   (You bought it in a shop on level 2 of the Orcish Mines)

   It protects you from negative energy.
 Q - a +0 robe of positive energy
 X - a +3 troll leather armour (worn) {Snorg}
 Y - a +0 robe of resistance
 Z - a +2 cloak of poison resistance (worn)
Jewellery
 f - an uncursed ring of protection from cold
 n - the ring "Rororr" (left claw) {+Blink rElec rPois}
   (You acquired it on level 3 of the Lair of Beasts)

   [ring of poison resistance]

   It insulates you from electricity.
   It protects you from poison.
   It lets you blink.
 o - a +4 ring of dexterity
 p - an amulet of faith (around neck)
 s - an uncursed ring of resist corrosion
 E - a +3 ring of slaying (right claw)
 O - an uncursed ring of protection from magic
 R - an uncursed ring of magical power
Wands
 A - a wand of random effects (12)
 L - a wand of digging (13)
Scrolls
 c - 4 scrolls of fear
 d - 6 scrolls of enchant armour
 e - 4 scrolls of immolation
 g - 8 scrolls of remove curse
 j - 3 scrolls of amnesia
 l - 7 scrolls of teleportation
 m - 5 scrolls of enchant weapon
 r - 2 scrolls of fog
 u - 2 scrolls of holy word
 x - 5 scrolls of magic mapping
 y - a scroll of vulnerability
 B - 7 scrolls of blinking
 H - 3 scrolls of identify
 I - a scroll of silence
 P - 2 scrolls of brand weapon
 U - a scroll of noise
Potions
 h - 8 potions of ambrosia
 i - 2 potions of cancellation
 k - 9 potions of heal wounds
 q - a potion of flight
 t - 5 potions of magic
 v - 2 potions of agility
 w - 2 potions of invisibility
 z - 2 potions of brilliance
 D - 4 potions of berserk rage
 G - a potion of might
 K - 6 potions of curing
 V - a potion of resistance
Comestibles
 b - 33 rations
 J - 11 chunks of flesh


   Skills:
 + Level 13.8 Fighting
 + Level 9.4 Armour
 + Level 9.8 Dodging
 - Level 1.0 Stealth
 - Level 3.0 Shields
 * Level 21.2 Unarmed Combat


You had 16 spell levels left.
You didn't know any spells.

Dungeon Overview and Level Annotations

Branches:
Dungeon (15/15)            Temple (1/1) D:5            Lair (6/6) D:8
  Swamp (0/4) Lair:4       Spider (0/4) Lair:4        Slime (0/5) Lair:6
    Orc (2/2) D:10            Elf (3/3) Orc:2        Vaults (0/5) D:14
 Depths (0/5) D:15

Altars:
Ashenzari
Cheibriados
Dithmenos
Elyvilon
Fedhas
Gozag
Hepliaklqana
Kikubaaqudgha
Makhleb
Nemelex Xobeh
Okawaru
Qazlal
Ru
Sif Muna
Trog
Uskayaw
Vehumet
Wu Jian
Xom
Yredelemnul
Zin
The Shining One
Beogh
Jiyva

Shops:
D:4 =   D:5 !   D:10 *   Orc:1 }   Orc:2 [*=([


Innate Abilities, Weirdness & Mutations

You are too large for most types of armour.
You have claws for hands.
Your metabolism is lightning-fast.
You like to eat raw meat.
Your natural rate of healing is unusually fast.
You are covered in fur. (AC +1)
You have very tough skin. (AC +2)


Message History

You mangle the deep elf blademaster!!
Your claw misses the deep elf blademaster.
The deep elf blademaster is severely wounded.
The deep elf blademaster closely misses you.
The deep elf blademaster hits you with a rapier!
* * * LOW HITPOINT WARNING * * *
You scratch the deep elf blademaster but do no damage.
The deep elf blademaster is severely wounded.
You feel sick.
The deep elf blademaster hits you but does no damage. x2
You completely miss the deep elf blademaster.
The deep elf blademaster is severely wounded.
The deep elf blademaster hits you with a rapier!
* * * LOW HITPOINT WARNING * * *
The deep elf blademaster hits you but does no damage.
You barely miss the deep elf blademaster.
The deep elf blademaster is severely wounded.
The deep elf blademaster hits you but does no damage.
The deep elf blademaster hits you with a rapier!
You die...

..##...##....##.....##
................# ..
............).#####..
#......)))....#.... .
##.....#........... ...#
##...###..........
....###...## ####'''''##
(....#....####.#.......#
.......@...##.#..)#.#...
.......e....##.#..###..#
........)..##...#..#..#.
..........###......#...)
........).###.##...#...#
...........##..#########
............#.##...#...#
...........##......#....
....##...###...#..#..#.


You could see a deep elf blademaster and a runed long sword (wandering).

Vanquished Creatures
  Nikola (Elf:1)
  Frances (Elf:1)
  A sphinx (D:15)
  A tengu reaver (D:15)
  Roxanne (Elf:1)
  A fire giant (D:15)
  2 orc warlords (Orc:2)
  A deep elf sorcerer (Elf:2)
  4 stone giants
  2 entropy weavers (Lair:6)
  Nessos (D:15)
  2 deep elf demonologists
  An ettin (D:15)
  A deep elf death mage (Elf:1)
  Snorg (Lair:3)
  A minotaur (Lab)
  A fire dragon (Volcano)
  Josephine (D:13)
  The ghost of Gildeon the Cleaver, a journeyman MiFi of Sif Muna (D:12)
  A yaktaur captain (D:15)
  10 hydras
  8 vault guards
  6 centaur warriors
  3 catoblepae (Lair:6)
  11 two-headed ogres
  11 dancing weapons
  A death knight (D:15)
  A queen ant (Lair:6)
  A tengu warrior (D:15)
  11 death yaks
  An orc high priest (Orc:2)
  15 deep elf knights
  Nergalle (Orc:2)
  A shadow wraith (D:14)
  A skeletal warrior (D:15)
  5 unseen horrors
  The ghost of p0werm0de the Sneak, a novice OpCj of Kikubaaqudgha (D:7)
  A fire crab (D:15)
  2 wizards
  9 deep elf archers
  Pikel (D:5)
  A phantasmal warrior (D:15)
  4 orc knights
  25 deep elf magi
  2 wolf spiders (D:15)
  An orb spider (shapeshifter) (Elf:1)
  9 ugly things
  An orc sorcerer (Orc:2)
  10 cyclopes
  4 manticores
  3 salamanders (Volcano)
  16 elephants
  Maurice (D:12)
  3 black mambas
  2 gargoyles (D:15)
  10 komodo dragons
  4 centaur skeletons
  2 kobold demonologists
  3 rime drakes
  10 spiny frogs
  3 tengu conjurers
  A meliai (D:15)
  2 polar bears
  4 trolls
  A meliai (shapeshifter) (D:15)
  A wolf spider simulacrum (D:15)
  A hornet (D:15)
  7 hippogriffs
  39 blink frogs
  12 slime creatures
  A centaur simulacrum (D:15)
  2 air elementals
  5 shadows
  12 wyverns
  5 basilisks
  A vampire (D:9)
  12 fire bats
  3 wraiths (D:13)
  54 yaks
  5 hungry ghosts (Lab)
  A steam dragon (Volcano)
  5 vampire mosquitoes
  3 wargs (Orc:2)
  14 soldier ants (Lair:6)
  17 water moccasins
  3 acid dragons (D:15)
  11 porcupines
  28 orc warriors
  8 ice beasts
  3 sky beasts
  3 black bears
  A meliai simulacrum (D:15)
  2 necrophages
  A slave (D:5)
  6 phantoms
  12 ogres
  6 wolves
  3 boggarts (D:15)
  19 centaurs
  16 crocodiles
  5 big kobolds
  3 earth elementals
  18 bullfrogs
  A wyvern zombie (D:9)
  A wyvern skeleton (D:12)
  5 killer bees
  4 scorpions
  An oklob sapling (D:5)
  12 wights
  7 electric eels
  7 crimson imps
  3 bullfrog zombies
  4 centaur zombies
  7 hounds
  11 jellies
  A quasit (D:14)
  21 orc priests
  A gnoll shaman (D:8)
  2 bullfrog skeletons
  33 orc wizards
  Terence (D:1)
  4 iguanas
  30 worker ants
  A killer bee zombie (D:7)
  2 hound skeletons
  A howler monkey zombie (D:8)
  8 gnolls (D:8)
  9 adders
  5 shadow imps
  2 oozes
  An adder zombie (D:8)
  2 worms
  8 dart slugs
  4 leopard geckos
  80 orcs
  3 giant cockroaches
  6 goblins
  4 hobgoblins
  7 jackals
  18 kobolds
  2 quokkas
  6 ball pythons
  6 bats
  6 frilled lizards
  A jackal skeleton (D:6)
  11 rats
  A fungus (Lair:6)
  5 plants
952 creatures vanquished.

Vanquished Creatures (others)
  A wyvern (Volcano)
  12 fungi
  11 plants
24 creatures vanquished.

Grand Total: 976 creatures vanquished

Notes
Turn   | Place    | Note
-------+----------+-------------------------------------------
     0 | D:1      | galech the Troll Monk began the quest for the Orb.
     0 | D:1      | Reached XP level 1. HP: 22/22 MP: 0/0
    76 | D:1      | Reached XP level 2. HP: 29/29 MP: 1/1
   274 | D:1      | Reached XP level 3. HP: 35/36 MP: 2/2
   394 | D:1      | Reached skill level 4 in Unarmed Combat
   470 | D:2      | Noticed Terence
   480 | D:1      | Killed Terence
   480 | D:1      | Reached XP level 4. HP: 38/45 MP: 3/3
   993 | D:2      | Reached XP level 5. HP: 53/53 MP: 4/4
  1066 | D:2      | Reached skill level 5 in Unarmed Combat
  1179 | D:3      | Found a glowing golden altar of the Shining One.
  1640 | D:3      | Found a blossoming altar of Fedhas.
  1753 | D:3      | Found a sacrificial altar of Ru.
  1791 | D:4      | Found Neneluto's Jewellery Boutique.
  1801 | D:4      | Reached XP level 6. HP: 57/62 MP: 5/5
  1847 | D:4      | Reached skill level 6 in Unarmed Combat
  2045 | D:4      | Reached XP level 7. HP: 67/71 MP: 6/6
  2080 | D:4      | Reached skill level 7 in Unarmed Combat
  2177 | D:5      | Entered Level 5 of the Dungeon
  2225 | D:5      | You fall through a shaft for 2 floors!
  2286 | D:5      | Found a staircase to the Ecumenical Temple.
  2504 | D:5      | Found Ugheon's Distillery.
  2608 | D:5      | You fall through a shaft!
  2624 | D:6      | Reached skill level 5 in Fighting
  2624 | D:6      | Reached skill level 8 in Unarmed Combat
  2628 | D:6      | Reached XP level 8. HP: 80/80 MP: 7/7
  2695 | D:5      | Noticed Pikel
  2713 | D:5      | Killed Pikel
  2713 | D:5      | Reached skill level 9 in Unarmed Combat
  3076 | Temple   | Entered the Ecumenical Temple
  3236 | D:6      | Found a stormy altar of Qazlal.
  3312 | D:6      | Found a hazy altar of Hepliaklqana.
  3371 | D:6      | Reached skill level 10 in Unarmed Combat
  3410 | D:6      | Found an ornate altar of the Wu Jian Council.
  3427 | D:6      | Reached XP level 9. HP: 80/88 MP: 8/8
  3566 | D:6      | Found a shimmering altar of Xom.
  3794 | D:7      | Found a basalt altar of Yredelemnul.
  3932 | D:7      | Noticed p0werm0de's ghost (novice OpCj)
  3943 | D:7      | Killed p0werm0de's ghost
  4207 | D:7      | Reached skill level 11 in Unarmed Combat
  4222 | D:7      | Found a sparkling altar of Nemelex Xobeh.
  4556 | D:8      | Found an iron altar of Okawaru.
  4564 | D:8      | Became a worshipper of Warmaster Okawaru
  4564 | D:8      | Reached * piety under Okawaru
  4564 | D:8      | Reached ** piety under Okawaru
  4576 | D:8      | Found a staircase to the Lair.
  4939 | D:8      | Reached XP level 10. HP: 85/101 MP: 9/9
  5049 | D:8      | Reached skill level 12 in Unarmed Combat
  5403 | D:9      | Reached *** piety under Okawaru
  5657 | D:9      | Found a bloodstained altar of Trog.
  5750 | D:9      | Found a hide-covered altar of Uskayaw.
  5814 | D:9      | Found a white marble altar of Elyvilon.
  6532 | D:10     | Entered Level 10 of the Dungeon
  6538 | D:10     | Reached skill level 13 in Unarmed Combat
  6674 | D:10     | Reached **** piety under Okawaru
  6700 | D:10     | Found a staircase to the Orcish Mines.
  6720 | D:10     | Noticed a two-headed ogre
  6728 | D:10     | Killed a two-headed ogre
  6839 | D:10     | Reached XP level 11. HP: 94/112 MP: 10/10
  6974 | D:10     | Reached ***** piety under Okawaru
  7078 | D:10     | Found Furu Qor's Assorted Antiques.
  7086 | D:10     | Bought a scroll of identify for 48 gold pieces
  7086 | D:10     | Bought a scroll of identify for 48 gold pieces
  7086 | D:10     | Bought 3 scrolls of identify for 144 gold pieces
  7086 | D:10     | Bought a scroll of teleportation for 72 gold pieces
  7341 | D:10     | Reached skill level 14 in Unarmed Combat
  7390 | Orc:1    | Entered Level 1 of the Orcish Mines
  7510 | Orc:1    | Noticed a stone giant
  7512 | Orc:1    | Noticed a two-headed ogre
  7595 | Orc:1    | Found Omitosiff's Gadget Shoppe.
  7697 | Orc:1    | Killed a stone giant
  8007 | Orc:1    | Killed a two-headed ogre
  8101 | Orc:2    | Entered Level 2 of the Orcish Mines
  8111 | Orc:2    | Noticed an orc high priest
  8131 | Orc:2    | Killed an orc high priest
  8249 | Orc:2    | Noticed an orc knight
  8249 | Orc:2    | Noticed Nergalle
  8309 | Orc:1    | Killed an orc knight
  8462 | Orc:2    | Noticed a spectral orc warlord
  8463 | Orc:2    | Killed Nergalle
  8463 | Orc:2    | Received a gift from Okawaru
  8463 | Orc:2    | Reached skill level 15 in Unarmed Combat
  8504 | Orc:2    | Noticed an orc knight
  8546 | Orc:2    | Killed an orc knight
  8546 | Orc:2    | HP: 3/116 [orc warrior/war axe[an orc warlord] (27)]
  8844 | Orc:2    | Found Xedeiqo's Antique Armour Boutique.
  8902 | Orc:2    | Received a gift from Okawaru
  8974 | Orc:2    | Noticed an orc warlord
  8987 | Orc:2    | Killed an orc warlord
  8987 | Orc:2    | Reached skill level 10 in Fighting
  8987 | Orc:2    | Reached XP level 12. HP: 110/125 MP: 8/11
  9040 | Orc:2    | Found a roughly hewn altar of Beogh.
  9110 | Orc:2    | Found Jeuxuw's Jewellery Emporium.
  9204 | Orc:2    | Noticed an orc warlord
  9490 | Orc:2    | Found a staircase to the Elven Halls.
  9594 | Orc:2    | Found Gusukh's General Store.
  9600 | Orc:2    | Found Igafaur's Antique Weapon Emporium.
  9626 | Orc:2    | Found Wycseb's Antique Armour Emporium.
  9646 | Orc:2    | Noticed a two-headed ogre
  9655 | Orc:2    | Killed a two-headed ogre
  9746 | Orc:2    | Reached skill level 16 in Unarmed Combat
  9786 | Orc:2    | Killed an orc warlord
  9786 | Orc:2    | Received a gift from Okawaru
  9888 | Orc:2    | Bought a scroll of magic mapping for 49 gold pieces
  9888 | Orc:2    | Bought a scroll of identify for 28 gold pieces
  9888 | Orc:2    | Bought a scroll of magic mapping for 49 gold pieces
  9904 | Orc:2    | Bought a twisted shield for 256 gold pieces
  9909 | Orc:2    | Identified the +1 shield "Comeaw" {rN+} (You bought it in a shop on level 2 of the Orcish Mines)
 11171 | Lair:1   | Entered Level 1 of the Lair of Beasts
 11689 | Lair:1   | Noticed an eight-headed hydra
 11699 | Lair:1   | Killed an 11-headed hydra
 11699 | Lair:1   | Received a gift from Okawaru
 11699 | Lair:1   | Reached skill level 1 in Armour
 11699 | Lair:1   | Reached skill level 1 in Shields
 11715 | Lair:1   | Got a polished hat {god gift}
 11726 | Lair:1   | Identified the +0 hat of the Lizard {rC+ MR+} (Okawaru gifted it to you on level 1 of the Lair of Beasts)
 12078 | Lair:2   | Found a dark tunnel.
 12093 | Lair:2   | Reached XP level 13. HP: 76/135 MP: 12/12
 12161 | Volcano  | Entered a volcano
 12172 | Volcano  | Reached skill level 17 in Unarmed Combat
 12716 | Volcano  | Noticed a fire dragon
 12728 | Volcano  | Killed a fire dragon
 12728 | Volcano  | Received a gift from Okawaru
 13077 | Lair:2   | Received a gift from Okawaru
 13208 | Lair:2   | Reached ****** piety under Okawaru
 13422 | Lair:2   | Received a gift from Okawaru
 13428 | Lair:2   | Got a thick robe {god gift}
 13454 | Lair:2   | Identified the +1 robe "Waohagic" {-Cast rF+ Str+3} (Okawaru gifted it to you on level 2 of the Lair of Beasts)
 14220 | Lair:3   | Noticed Snorg
 14229 | Lair:3   | Killed Snorg
 14703 | Lair:3   | Identified a scroll of acquirement
 14707 | Lair:3   | Got a smoking bone ring
 14709 | Lair:3   | Identified the ring "Rororr" {+Blink rElec rPois} (You acquired it on level 3 of the Lair of Beasts)
 14973 | Lair:4   | Reached skill level 5 in Dodging
 15077 | Lair:4   | Reached XP level 14. HP: 136/145 MP: 13/13
 15081 | Lair:4   | Received a gift from Okawaru
 15099 | Lair:4   | Reached skill level 18 in Unarmed Combat
 15381 | Lair:4   | Found a hole to the Spider Nest.
 15564 | Lair:4   | Found a staircase to the Swamp.
 16446 | Lair:5   | Reached skill level 5 in Armour
 16712 | Lair:5   | Received a gift from Okawaru
 16934 | Lair:6   | Entered Level 6 of the Lair of Beasts
 17189 | Lair:6   | Received a gift from Okawaru
 17821 | Lair:6   | Noticed an entropy weaver
 17993 | Lair:6   | Found a runed door.
 17997 | Lair:6   | Found a viscous altar of Jiyva.
 17998 | Lair:6   | Found a staircase to the Slime Pits.
 18118 | Lair:6   | Reached XP level 15. HP: 140/157 MP: 14/14
 18326 | Lair:6   | Reached skill level 19 in Unarmed Combat
 18632 | Lair:6   | Received a gift from Okawaru
 18870 | Lair:6   | Received a gift from Okawaru
 19354 | D:12     | Noticed Gildeon's ghost (journeyman MiFi)
 19695 | D:12     | Killed Gildeon's ghost
 19723 | D:12     | Noticed Maurice
 19736 | D:12     | Killed Maurice
 20187 | D:13     | Found a labyrinth entrance.
 20198 | Lab      | Entered a labyrinth
 20768 | Lab      | Found the +2 hat of the Bear Spirit {Spirit, +Rage rN+ MR++}
 21238 | D:13     | Noticed Josephine
 21244 | D:13     | Killed Josephine
 21482 | D:13     | Received a gift from Okawaru
 22029 | D:14     | Received a gift from Okawaru
 22032 | D:14     | Got a brightly glowing war axe {god gift}
 22034 | D:14     | Identified the +3 war axe of Zaononex {chop, rC+} (Okawaru gifted it to you on level 14 of the Dungeon)
 22040 | D:14     | Found a gate to the Vaults.
 22469 | D:15     | Entered Level 15 of the Dungeon
 22528 | D:15     | Received a gift from Okawaru
 22669 | D:15     | Reached XP level 16. HP: 84/167 MP: 9/15
 22720 | D:15     | Found a sparkling altar of Nemelex Xobeh.
 22720 | D:15     | Found a shimmering altar of Xom.
 22721 | D:15     | Found a burning altar of Makhleb.
 22907 | D:15     | Reached skill level 20 in Unarmed Combat
 23125 | D:15     | Upgraded the game from 0.22-a0-109-gbeb7240 to 0.22-a0-110-g5b255cf
 23226 | D:15     | Noticed a tengu reaver
 23227 | D:15     | Noticed Nessos
 23240 | D:15     | Killed Nessos
 23245 | D:15     | Killed a tengu reaver
 23374 | D:15     | Received a gift from Okawaru
 23819 | D:15     | Found a staircase to the Depths.
 24163 | D:15     | Received a gift from Okawaru
 24260 | D:15     | Noticed a sphinx
 24267 | D:15     | Killed a sphinx
 24503 | Elf:1    | Entered Level 1 of the Elven Halls
 24508 | Elf:1    | Noticed an Ice Fiend
 24553 | Elf:1    | Received a gift from Okawaru
 24743 | Elf:1    | Noticed Nikola
 24758 | Elf:1    | Killed Nikola
 24758 | Elf:1    | Reached XP level 17. HP: 137/178 MP: 10/16
 25074 | Elf:1    | Noticed Roxanne
 25081 | Elf:1    | Killed Roxanne
 25082 | Elf:1    | Identified Roxanne's Tome of Transformation (You took it off Roxanne on level 1 of the Elven Halls)
 25256 | Elf:1    | Noticed Frances
 25262 | Elf:1    | Killed Frances
 25262 | Elf:1    | Received a gift from Okawaru
 25418 | Elf:1    | Reached skill level 21 in Unarmed Combat
 25683 | Elf:3    | Entered Level 3 of the Elven Halls
 25791 | Elf:2    | Noticed a Brimstone Fiend
 25919 | Elf:2    | Found a huge runed gate.
 25919 | Elf:2    | Found a huge runed gate.
 25920 | Elf:2    | Found a huge runed gate.
 25921 | Elf:2    | Found a huge runed gate.
 25924 | Elf:2    | Found a huge runed gate.
 26009 | Elf:2    | Noticed a deep elf blademaster
 26031 | Elf:2    | HP: 8/179 [deep elf blademaster/rapier (9)]
 26032 | Elf:2    | Slain by a deep elf blademaster

Vault maps used:
D:1:      dpeg_arrival_lava_altar, minmay_stone_trees_small
D:2:      minmay_surrounded, uniq_terence
D:3:      nicolae_ru_path_of_blood, fedhas_altar_1, tso_oasis_becter
D:4:      serial_shops, nicolae_shop_crystal
D:5:      minmay_temple_entry_oklob, serial_shops, shop,
          nicolae_ossuary_entry_monument, first_ration,
          minmay_misc_feat_diagonals, minivault_5, uniq_pikel
D:6:      kennysheep_little_box, old_standard_altar, lemuel_round_altar,
          marbit_many_paths
D:7:      lemuel_coloured_pillars_altar, kennysheep_mini_moat
D:8:      nicolae_overflow_crystal_walls, lair_entry_dummy
D:9:      lemuel_crystal_altar, kennysheep_mini, old_standard_altar
D:10:     orc_0_dummy, serial_shops, shop
D:12:     uniq_maurice
D:13:     lab_entry_generic, uniq_josephine
D:14:     erik_vaults_2, nrook_mini_backslash
D:15:     hangedman_slaughterboxes, uniq_nessos
Temple:   kb_temple_of_zot
Lair:2:   nicolae_volcano_entry_batcave, gammafunk_lair_bear_cave,
          serial_bayou_shore_a
Lair:3:   uniq_snorg
Lair:4:   minmay_swamp_entry_eels, dummy_spider_entry, grunt_megastairs_1
Lair:5:   nicolae_quartered_pool_super, infiniplex_staircase_pool_2,
          grunt_megastairs_2
Lair:6:   evilmike_catoblepas_cave, slime_altar_2, zaba_antful_of_joy
Orc:1:    serial_shops, shop
Orc:2:    grunt_orc_cross, serial_shops, shop
Elf:1:    hangedman_corner_corridor, eino_tiny_chamber, uniq_roxanne,
          uniq_frances, uniq_nikola
Elf:2:    nrook_loot_triangle
Elf:3:    minmay_elf_hall_spiked, serial_sigils, serial_sigils_hangedman_shear,
          serial_sigils_hangedman_etch, serial_sigils_hangedman_writhe,
          serial_sigils_hangedman_snap, serial_shops, shop, uniq_asterion,
          uniq_donald
Lab:      nicolae_lab_starburst, lab_block, nicolae_lab_t_cross,
          nicolae_lab_arrow, nicolae_lab_grate_2, nicolae_lab_big_swirl,
          labyrinth_lava_lair, nicolae_lab_garden, nicolae_lab_blocks,
          nicolae_lab_very_dead_end
Volcano:  pf_volcano_lost_world

Skill      XL: |  1  2  3  4  5  6  7  8  9 10 11 12 13 14 15 16 17 |
---------------+----------------------------------------------------+-----
Unarmed Combat | 4 5 6 8 10 11 13 15 16 17 18 19 20 21 | 21.2
Fighting       | 3 4 5 6 7 8 10 11 12 13 | 13.8
Armour         | 1 4 6 7 8 9 |  9.4
Shields        | 1 3 |  3.0
Dodging        | 3 5 6 8 9 |  9.8
Stealth        | |  1.0

Action                   |  1- 3 |  4- 6 |  7- 9 | 10-12 | 13-15 | 16-18 || total
-------------------------+-------+-------+-------+-------+-------+-------++-------
Melee: Unarmed           |    72 |   179 |   266 |   573 |  1265 |   483 ||  2838
       Punch             |       |     1 |    13 |    43 |   152 |    53 ||   262
Invok: Heroism           |       |       |       |     9 |    18 |    10 ||    37
       Finesse           |       |       |       |     2 |     4 |       ||     6
 Abil: Evoke Blink       |       |       |       |       |     1 |       ||     1
  Use: Scroll            |       |     1 |     6 |    18 |    14 |     4 ||    43
       Potion            |       |       |       |       |     4 |       ||     4
 Stab: Sleeping          |     1 |     3 |     3 |     3 |     7 |       ||    17
       Distracted        |       |       |       |     1 |     1 |       ||     2
  Eat: Chunk             |    10 |    14 |    27 |    63 |    95 |    30 ||   239
       Ration            |       |       |       |       |     3 |       ||     3
Armor: Robe              |    28 |    51 |    58 |    18 |    71 |     7 ||   233
       Troll leather arm |       |       |       |    75 |   326 |   182 ||   583
Dodge: Dodged            |    44 |    72 |   118 |   233 |   650 |   224 ||  1341
Block: Shield            |       |       |       |       |    23 |       ||    23

Table legend:
 A = Spawn XP
 B = Non-spawn XP
 C = Spawn XP percentage of total XP
 D = Spawn monster count
 E = Non-spawn monster count
 F = Spawn count percentage of total count
 G = Total turns spent on level
                    A         B        C        D         E        F      G
               +---------+---------+-------+---------+---------+-------+---------
         Total |       0 |  252247 |   0.0 |       0 |     945 |   0.0 | 26032
               +---------+---------+-------+---------+---------+-------+---------
           D:1 |       0 |      99 |   0.0 |       0 |      31 |   0.0 |   490
           D:2 |       0 |     106 |   0.0 |       0 |      24 |   0.0 |   660
           D:3 |       0 |     173 |   0.0 |       0 |      24 |   0.0 |   659
           D:4 |       0 |     480 |   0.0 |       0 |      14 |   0.0 |   402
           D:5 |       0 |    1192 |   0.0 |       0 |      21 |   0.0 |   899
           D:6 |       0 |     895 |   0.0 |       0 |      32 |   0.0 |   576
           D:7 |       0 |    1305 |   0.0 |       0 |      11 |   0.0 |   674
           D:8 |       0 |    2179 |   0.0 |       0 |      43 |   0.0 |  1136
           D:9 |       0 |    2064 |   0.0 |       0 |      31 |   0.0 |  1013
          D:10 |       0 |    4260 |   0.0 |       0 |      36 |   0.0 |   891
          D:11 |       0 |    3900 |   0.0 |       0 |      32 |   0.0 |  1021
          D:12 |       0 |    6411 |   0.0 |       0 |      28 |   0.0 |   825
          D:13 |       0 |    8340 |   0.0 |       0 |      32 |   0.0 |  1019
          D:14 |       0 |   19129 |   0.0 |       0 |      53 |   0.0 |   931
          D:15 |       0 |   49139 |   0.0 |       0 |      95 |   0.0 |  1797
        Lair:1 |       0 |    4856 |   0.0 |       0 |      19 |   0.0 |   884
        Lair:2 |       0 |   11576 |   0.0 |       0 |      44 |   0.0 |  1301
        Lair:3 |       0 |    5499 |   0.0 |       0 |      17 |   0.0 |   749
        Lair:4 |       0 |   11407 |   0.0 |       0 |      32 |   0.0 |  1245
        Lair:5 |       0 |    9574 |   0.0 |       0 |      36 |   0.0 |   933
        Lair:6 |       0 |   30890 |   0.0 |       0 |     108 |   0.0 |  1963
         Orc:1 |       0 |    4295 |   0.0 |       0 |      10 |   0.0 |   956
         Orc:2 |       0 |   11501 |   0.0 |       0 |      65 |   0.0 |  1910
         Elf:1 |       0 |   29070 |   0.0 |       0 |      35 |   0.0 |  1087
         Elf:2 |       0 |   19182 |   0.0 |       0 |      26 |   0.0 |   350
         Elf:3 |       0 |    2873 |   0.0 |       0 |       5 |   0.0 |    92
           Lab |       0 |    3006 |   0.0 |       0 |      11 |   0.0 |   598
       Volcano |       0 |    8846 |   0.0 |       0 |      30 |   0.0 |   866
               +---------+---------+-------+---------+---------+-------+---------
